 Dungeon Crawl Stone Soup version 0.13.0 (webtiles) character file.

1485 DaftWullie the Slicer (level 8, -4/50 HPs)
             Began as a Kobold Berserker on Oct 11, 2013.
             Was an Elder of Trog.
             Slain by Grinder (5 damage)
             ... while paralysed by Grinder
             ... on Level 6 of the Dungeon.
             The game lasted 00:54:56 (6038 turns).

DaftWullie the Slicer (Kobold Berserker)            Turns: 6038, Time: 00:54:56

HP  -4/50        AC  6     Str 16      XL: 8   Next: 67%
MP   7/7         EV  3     Int  6      God: Trog [****..]
Gold 322         SH  0     Dex 16      Spells:  0 memorised,  7 levels left

Res.Fire  : . . .   See Invis. : .   B - +1,+4 dagger
Res.Cold  : . . .   Warding    : .   D - +1 orc leather armour
Life Prot.: . . .   Conserve   : .   (no shield)
Res.Poison: .       Res.Corr.  : .   (no helmet)
Res.Elec. : .       Clarity    : .   h - +0 cloak
Sust.Abil.: . .     Spirit.Shd : .   n - +0 pair of orc gauntlets
Res.Mut.  : .       Stasis     : .   (no boots)
Res.Rott. : .       Flight     : .   (no amulet)
Saprovore : + + .                    (no ring)
                                     O - ring of teleport control

@: paralysed, slightly resistant to hostile enchantments, unstealthy
A: disease resistance, carnivore 3, saprovore 2
a: Burn Spellbooks, Berserk, Trog's Hand, Brothers in Arms, Renounce Religion,
Evoke Teleport Control


You were on level 6 of the Dungeon.
You worshipped Trog.
Trog was greatly pleased with you.
You were full.

You visited 1 branch of the dungeon, and saw 7 of its levels.

You collected 302 gold pieces.

Inventory:

Hand weapons
 a - a +0,+0 short sword
 f - a +1,+2 elven sabre
 p - a +0,+0 short sword
 q - a +0,+0 short sword
 u - a +0,+0 short sword
 y - a -1,+0 orcish short sword
 z - a +2,+2 short sword
 B - a +1,+4 dagger (weapon)
Missiles
 d - 46 darts
 o - a dart of dispersal
 s - 40 poisoned needles
 v - a dart of flame
 Q - 2 silver darts (quivered)
Armour
 b - a +0 animal skin
 e - a +0 leather armour
 h - a +0 cloak (worn)
 l - a +2 orcish leather armour
 n - a +0 pair of orcish gauntlets (worn)
 D - a +1 orcish leather armour (worn)
Magical devices
 t - a wand of teleportation (0)
 w - a wand of random effects (14) {unknown}
 x - a wand of draining (6)
 I - a wand of teleportation (8)
 P - a wand of fire (7) {unknown}
Comestibles
 c - 5 meat rations
Scrolls
 g - 4 scrolls of amnesia {unknown}
 i - 3 scrolls of enchant armour {unknown}
 k - 2 scrolls of recharging
 m - 6 scrolls of remove curse
 A - 2 scrolls of identify
 N - a scroll of teleportation {unknown}
 R - a scroll of fear {unknown}
 S - a scroll of curse jewellery {unknown}
Jewellery
 E - an uncursed amulet of stasis
 L - an uncursed amulet of stasis
 O - a ring of teleport control (left hand)
Potions
 j - 3 potions of curing
 r - a potion of brilliance
 C - a potion of speed
 F - 2 potions of might
 G - a potion of resistance
 H - a potion of poison {unknown}
 J - 2 potions of degeneration
 K - a potion of heal wounds {unknown}
 M - a potion of mutation {unknown}


   Skills:
 * Level 6.2 Fighting
 * Level 8.7 Short Blades
 - Level 2.6 Throwing
 - Level 1.5 Armour
 + Level 7.1 Dodging


You had 7 spell levels left.
You didn't know any spells.

Dungeon Overview and Level Annotations

Branches:
Dungeon (7/27)             Temple (0/1) D:4
    Orc: D:6-11

Altars:

Annotations:
D:4 Dowan, Duvessa
D:6 Eustachio, Grinder


Innate Abilities, Weirdness & Mutations

You recuperate from illness quickly.
You are small and have problems with some larger weapons.
You are carnivorous and can eat meat at any time.
You can eat rotten meat.


Message History

Grinder is lightly wounded.
You hit Grinder.
Grinder is moderately wounded.
Grinder gestures at you.
You suddenly lose the ability to move!
Grinder hits you but does no damage. Grinder hits you!
You writhe in agony.
Grinder hits you. Grinder gestures at you. You resist. Grinder gestures at you.
Pain shoots through your body! Grinder hits you!
* * * LOW HITPOINT WARNING * * *
You writhe in agony.
* * * LOW HITPOINT WARNING * * *
Grinder hits you.
* * * LOW HITPOINT WARNING * * *
You writhe in agony.
You die...

#.# #....).....# #.#
#.#######.## #'### #.#
#..... ....# ### #.#
#.#... ....# #.. #.#
#.#.## ....#
#.#####.## #.#.# ...(#
#####.##.....# #.#.#
#'### #...#5##.....#
#.#.# #.#
#.#.#@##.....# #.#.#
#.# #.#.#.##.....#
#.#.# #.#
#.#.#.##.....# #.#.#
#.# #.#.#.#####'##
#.#.## #'#####
#.#.#.....#.# #.#...
......#
#.#.#####.#.#####.#.##
......# #.#.#
#.#.......#.# ......#
#.#.# #.#########.##
......# #.#.# #.#
#.........


You could see Grinder.

Vanquished Creatures
  A phantom (D:5)
  An ice beast (D:5)
  An ogre (D:6)
  A centaur (D:6)
  Blork the orc (D:6)
  A giant frog (D:6)
  A crimson imp (D:6)
  3 orc priests
  2 hounds
  2 scorpions
  A giant frog skeleton (D:6)
  3 orc wizards (D:4)
  3 worker ants
  Ijyb (D:2)
  9 adders
  An inept item mimic (D:5)
  A giant mite (D:3)
  2 worms
  A giant eyeball (D:4)
  2 giant geckos (D:3)
  2 oozes (D:2)
  38 orcs
  A bat skeleton (D:4)
  4 giant cockroaches
  7 hobgoblins
  7 jackals
  A quokka (D:5)
  A ball python (D:1)
  11 bats
  6 giant newts
  A gnoll skeleton (D:6)
  14 goblins
  A hobgoblin skeleton (D:5)
  A hobgoblin zombie (D:6)
  A jackal skeleton (D:6)
  13 kobolds
  10 rats
157 creatures vanquished.

Notes
Turn   | Place    | Note
--------------------------------------------------------------
     0 | D:1      | DaftWullie, the Kobold Berserker, began the quest for the Orb.
     0 | D:1      | Reached XP level 1. HP: 14/14 MP: 0/0
    66 | D:1      | Reached XP level 2. HP: 9/19 MP: 1/1
   441 | D:2      | Reached XP level 3. HP: 24/24 MP: 2/2
   964 | D:2      | Noticed Ijyb
   997 | D:2      | Killed Ijyb
   997 | D:2      | Acquired Trog's second power
   997 | D:2      | Reached XP level 4. HP: 29/29 MP: 3/3
  1214 | D:2      | Reached skill level 5 in Short Blades
  1420 | D:2      | Reached XP level 5. HP: 31/33 MP: 4/4
  2145 | D:4      | Paralysed by a giant eyeball for 2 turns
  2351 | D:4      | Paralysed by a giant eyeball for 4 turns
  2420 | D:4      | Paralysed by a giant eyeball for 2 turns
  2424 | D:4      | Reached skill level 1 in Throwing
  2661 | D:4      | Reached XP level 6. HP: 39/39 MP: 5/5
  2699 | D:4      | Reached skill level 6 in Short Blades
  2740 | D:4      | Reached skill level 5 in Fighting
  2794 | D:4      | Noticed Duvessa
  2794 | D:4      | Noticed Dowan
  2838 | D:5      | Entered Level 5 of the Dungeon
  2991 | D:4      | Found a staircase to the Ecumenical Temple.
  3713 | D:5      | Reached XP level 7. HP: 40/44 MP: 6/6
  3859 | D:5      | Reached skill level 5 in Dodging
  4025 | D:5      | Noticed an ice beast
  4053 | D:5      | Killed an ice beast
  4053 | D:5      | Reached skill level 7 in Short Blades
  4509 | D:7      | Reached XP level 8. HP: 45/49 MP: 7/7
  4597 | D:7      | HP: 2/49 [orc/orcish mace (10)]
  5098 | D:6      | Noticed Eustachio
  5197 | D:6      | Acquired Trog's third power
  5584 | D:6      | Reached skill level 8 in Short Blades
  5670 | D:6      | Noticed Blork the orc
  5705 | D:6      | Killed Blork the orc
  6024 | D:6      | Noticed Grinder
  6031 | D:6      | Paralysed by Grinder for 7 turns
  6038 | D:6      | HP: 1/50 [Grinder (5)]
  6038 | D:6      | Slain by Grinder

Action                   |  1- 3 |  4- 6 |  7- 9 || total
-------------------------+-------+-------+-------++-------
Melee: Short sword       |   107 |   332 |   202 ||   641
       Dagger            |       |       |    93 ||    93
Throw: Dart              |     9 |    32 |    60 ||   101
Invok: Berserk           |     4 |     8 |     8 ||    20
       Trog's Hand       |       |     4 |     3 ||     7
       Burn Spellbooks   |       |       |     1 ||     1
Evoke: Wand              |       |     3 |     1 ||     4
  Use: Scroll            |       |     3 |     5 ||     8
       Potion            |       |     1 |     1 ||     2
